 Dungeon Sprint DCSS version 0.31-a0-841-g038b102fc3 (webtiles) character file.

Game seed: 10714011629771103821

536 sircluck the Grappler (level 7, -7/118 HPs)
             Began as a Troll Berserker on Sept 27, 2023.
             Was a Priest of Trog.
             Mangled by a vampire (10 damage)
             ... in the Dungeon (Sprint VII: "The Pits").
             The game lasted 00:00:28 (83 turns).

sircluck the Grappler (Troll Berserker)               Turns: 83, Time: 00:00:29

Health: -7/118     AC:  4    Str: 28    XL:     7   Next: 4%
Magic:  6/6        EV: 11    Int:  3    God:    Trog [***...]
Gold:   0          SH:  0    Dex:  9    Spells: 6/6 levels left

rFire   . .          .
                       - Unarmed
rCold   . . .        (no shield)
rNeg    . . .        a - +0 animal skin
rPois   .            (helmet restricted)
rElec   .            (no cloak)
rCorr   .            (gloves unavailable)
SInv    .            (boots unavailable)
Will    .....        (no amulet) Stlth
                     (no ring)
HPRegen 1.19/turn    (no ring)
MPRegen 0.10/turn

%: no teleportation
@: berserking, very quick
A: large, unfitting armour, claws 3, regeneration 1, shaggy fur 1, tough skin 1
a: Renounce Religion, Berserk, Trog's Hand


You were in the Dungeon.
You worshipped Trog.
Trog was most pleased with you.
You visited 1 branch

Inventory:

Armour
 a - a +0 animal skin (worn)
Scrolls
 g - a scroll of blinking
Potions
 b - a potion of curing
 c - a potion of heal wounds
 d - a potion of haste
 e - 2 potions of magic
 f - a potion of berserk rage


   Skills:
 + Level 7.8 Fighting
 + Level 7.7 Dodging
 + Level 9.3 Unarmed Combat


You had 6 spell levels left.
You didn't know any spells.
Your spell library was empty.

Dungeon Overview and Level Annotations

Branches:
Dungeon (1/1)

Altars:


Innate Abilities, Weirdness & Mutations

You are too large for most types of armour.
You have claws for hands.
Your natural rate of healing is unusually fast.
You are covered in fur. (AC +1)
You have tough skin. (AC +1)


Message History

The bog body is almost destroyed.
The bog body points at you and mumbles some strange words.
The bolt of cold hits you!!
Ouch! That really hurt!
* * * LOW HITPOINT WARNING * * *
You claw the bog body!
You destroy the bog body!
Trog accepts your kill.
Trog appreciates your killing of a magic user.
The kobold brigand hits you with a +0 dagger.
* * * LOW HITPOINT WARNING * * *
Your Fighting skill gained 4 levels and is now at level 7!
Your Dodging skill gained 4 levels and is now at level 7!
Your Unarmed Combat skill gained 5 levels and is now at level 9!
You have reached level 4!
You have reached level 5!
You have reached level 6!
You feel stronger.
You have reached level 7!
Unknown command.
Unknown command.
Unknown command.
You claw the kobold brigand!
The kobold brigand is moderately wounded.
You scratch the kobold brigand.
The kobold brigand is heavily wounded.
Something unseen opens the door.
The kobold brigand barely misses you.
An acid dragon comes into view.
The acid dragon spits acid at you. The splash of acid misses you.
You hear a shout!
You hear a roar!
You miss the kobold brigand.
The kobold brigand is heavily wounded.
You mangle the kobold brigand!!
You kill the kobold brigand!
Trog accepts your kill. Something hits you!
* * * LOW HITPOINT WARNING * * *
Something bites you!
You die...

#................+
+................+
#......#..#......#
#.......)........#
####'#####)'######
#.......##''#
#.......##..##
#.......##.).##
#...<...###.@.##+##..
#.......# ##†).......
#.......###.r###'###.
#.......##..## D.
##########..'.n.....
#.o##.r... ##.. #'##
##. o. ..


You could see an acid dragon (catching breath), a hell rat and an orc.

Vanquished Creatures
  A bog body (D)
  A kobold brigand (D)
  An orc wizard (D)
  An adder skeleton (D)
  2 orcs (D)
6 creatures vanquished.

Notes
Turn   | Place    | Note
-------+----------+-------------------------------------------
     0 | D        | sircluck the Troll Berserker began the quest for the Orb.
     0 | D        | Reached XP level 1. HP: 22/22 MP: 0/0
    23 | D        | Noticed an orc wizard
    37 | D        | Killed an orc wizard
    37 | D        | Reached ** piety under Trog
    38 | D        | Reached skill level 4 in Unarmed Combat
    38 | D        | Reached XP level 2. HP: 32/32 MP: 1/1
    45 | D        | Reached XP level 3. HP: 28/39 MP: 2/2
    70 | D        | Noticed a bog body
    70 | D        | Noticed a kobold brigand
    70 | D        | Noticed a vampire
    79 | D        | Killed a bog body
    79 | D        | Reached *** piety under Trog
    80 | D        | Reached skill level 9 in Unarmed Combat
    80 | D        | Reached XP level 4. HP: 7/57 MP: 3/3
    80 | D        | Reached XP level 5. HP: 7/63 MP: 4/4
    80 | D        | Reached XP level 6. HP: 9/72 MP: 5/5
    80 | D        | Reached XP level 7. HP: 9/79 MP: 6/6
    83 | D        | HP: 3/118 [something (9)]
    83 | D        | Mangled by a vampire

Illustrated notes

Levels and vault maps discovered:
D:        pitsprint [storerooms_1, entrance_room_1, metal_vault_5, armoury_3,
          mini_pit_1, grid_room_1, main_hall_1, silver_pit, the_coven_1,
          the_vestibule_1, steel_vault_2, golden_pit, hallway_of_sentries,
          crystal_vault_5, iron_vault_5, final_vault]

Skill      XL: |  1  2  3 |
---------------+----------+-----
Fighting       | 3 7 |  7.8
Dodging        | 3 7 |  7.7
Unarmed Combat | 4 9 |  9.3

Action                     |  1- 3 |  4- 6 |  7- 9 || total
---------------------------+-------+-------+-------++-------
  Melee: Unarmed           |    21 |       |     4 ||    25
         Punch             |     1 |       |       ||     1
 Invoke: Berserk           |     1 |       |       ||     1
 Armour: Animal skin       |    13 |       |     2 ||    15
  Dodge: Dodged            |     5 |       |     2 ||     7

Table legend: (Time is in decaauts)
 A = Elapsed time spent in this place.
 B = Non-inter-level travel time spent in this place.
 C = Inter-level travel time spent in this place.
 D = Time resting spent in this place.
 E = Time spent auto-exploring this place.
 F = Levels seen in this place.
 G = Mean time per level.
                   A        B        C        D        E       F      G
               +--------+--------+--------+--------+--------+-----+--------+
         Total |     78 |     78 |      0 |     13 |     11 |   1 |   78.0 |
       Dungeon |     78 |     78 |      0 |     13 |     11 |   1 |   78.0 |
               +--------+--------+--------+--------+--------+-----+--------+

Top non-repeatable levels by time:
       D: 78 daAuts
